 Dungeon Crawl Stone Soup version 0.19.0-22-gd96e5fe (webtiles) character file.

121 grisgris the Cudgeler (level 4, -2/34 HPs)
             Began as a Demonspawn Gladiator on Nov 19, 2016.
             Was an Initiate of Qazlal.
             Slain by Menkaure (14 damage)
             ... on level 4 of the Dungeon.
             The game lasted 00:07:10 (1748 turns).

grisgris the Cudgeler (Demonspawn Gladiator)        Turns: 1748, Time: 00:07:10

Health: -2/34      AC: 12    Str: 16    XL:     4   Next: 77%
Magic:  0/4        EV:  8    Int:  9    God:    Qazlal [......]
Gold:   158        SH:  0    Dex: 14    Spells: 0 memorised, 3 levels left

rFire  . . .     SeeInvis .     a - +1 flail
rCold  . . .     Gourm    .     s - +0 chain mail
rNeg   . . .     Faith    .     (no shield)
rPois  .         Spirit   +     c - +0 helmet
rElec  .         Reflect  .     (no cloak)
rCorr  .         Harm     .     h - +0 pair of gloves
MR     .....                    (no boots)
Stlth  ..........               l - amulet of guardian spirit
                                (no ring)
                                (no ring)

@: no status effects
A: molten scales 1
a: Renounce Religion


You were on level 4 of the Dungeon.
You worshipped Qazlal.
Qazlal was noncommittal.
You were not hungry.

You visited 1 branch of the dungeon, and saw 4 of its levels.

You collected 158 gold pieces.

Inventory:

Hand Weapons
 a - a +1 flail (weapon)
Missiles
 d - 3 throwing nets (quivered)
Armour
 c - a +0 helmet (worn)
 h - a +0 pair of gloves (worn)
 s - a +0 chain mail (worn)
Jewellery
 l - an amulet of guardian spirit (around neck)
Wands
 o - a wand of random effects (40/48)
Scrolls
 e - a scroll of immolation {unknown}
 i - a scroll of teleportation
 q - a scroll of magic mapping {unknown}
Potions
 k - a potion of heal wounds {unknown}
 n - a potion of invisibility
 r - a potion of might {unknown}
 t - a potion of berserk rage {unknown}
Comestibles
 b - a beef jerky
 f - 2 bread rations
 g - 2 royal jellies
 j - 3 fruits
 m - a meat ration
 p - a slice of pizza


   Skills:
 * Level 2.9 Fighting
 + Level 3.8 Maces & Flails
 + Level 1.8 Throwing
 + Level 1.2 Armour
 + Level 3.3 Dodging


You had 3 spell levels left.
You didn't know any spells.

Dungeon Overview and Level Annotations

Branches:
Dungeon (4/15)
 Temple: D:4-7

Altars:
Qazlal

Annotations:
D:3 Swippen's ghost, amateur HOFi
D:4 Menkaure


Innate Abilities, Weirdness & Mutations

You are partially covered in molten scales. (AC +2)


Message History

The quokka bites you.
You barely miss the quokka.
The quokka is heavily wounded.
The quokka closely misses you.
You hit the quokka.
The quokka is severely wounded.
The quokka bites you but does no damage.
You hit the quokka.
You kill the quokka!
Qazlal accepts your kill. The bat closely misses you. Menkaure hits you!
You hit Menkaure but do no damage. Menkaure hits you!
You hit Menkaure.
Menkaure is lightly damaged.
Menkaure hits you but does no damage.
Menkaure mumbles some strange words.
You barely miss Menkaure.
Menkaure is lightly damaged.
Menkaure hits you!
You die...

#####
#######.....
#<....#....
+..#.....#
#..# ....#
#..# ....#
#..##>...+
+..@Mb...#
#..##....#
#+## ....#
.......
ab.#... ...#
.. ...# .
...#


You could see Menkaure and a bat.

Vanquished Creatures
  2 worker ants
  2 adders (D:2)
  An ooze (D:1)
  A dart slug (D:2)
  An orc (D:2)
  4 bats
  3 giant cockroaches
  11 goblins
  4 hobgoblins
  3 jackals (D:1)
  2 quokkas
  4 frilled lizards
  6 kobolds
  7 rats
51 creatures vanquished.

Notes
Turn   | Place    | Note
-------+----------+-------------------------------------------
     0 | D:1      | grisgris the Demonspawn Gladiator began the quest for the Orb.
     0 | D:1      | Reached XP level 1. HP: 16/16 MP: 1/1
    95 | D:1      | Gained mutation: You are partially covered in molten scales. (AC +2) [demonic ancestry]
    95 | D:1      | Reached XP level 2. HP: 15/22 MP: 2/2
   602 | D:1      | Reached XP level 3. HP: 26/27 MP: 3/3
   903 | D:2      | Found a stormy altar of Qazlal.
   916 | D:2      | Became a worshipper of Qazlal Stormbringer
  1303 | D:3      | Reached skill level 1 in Armour
  1303 | D:3      | Reached XP level 4. HP: 29/34 MP: 4/4
  1364 | D:3      | Noticed Swippen's ghost (amateur HOFi)
  1730 | D:4      | Noticed Menkaure
  1748 | D:4      | Slain by Menkaure

Skill      XL: |  1  2  3 |
---------------+----------+-----
Maces & Flails | 3 |  3.8
Dodging        | 3 |  3.3
Armour         | 1 |  1.2
Fighting       | |  2.9
Throwing       | |  1.8

Action                   |  1- 3 |  4- 6 || total
-------------------------+-------+-------++-------
Melee: Flail             |   155 |    49 ||   204
  Use: Scroll            |     6 |       ||     6
       Potion            |       |     1 ||     1
  Eat: Chunk             |     1 |     2 ||     3
Armor: Leather armour    |     5 |       ||     5
       Ring mail         |    46 |       ||    46
       Chain mail        |    27 |    28 ||    55
Dodge: Dodged            |   101 |    13 ||   114
